 Dungeon Sprint DCSS version 0.31.0-9-g3a7656b989 (webtiles) character file.

Game seed: 14140280222482640009

14959 Groucho the Unseen (level 11, -13/68 HPs)
             Began as a Felid Shapeshifter on Feb 6, 2024.
             Was a Follower of Uskayaw.
             Mangled by an alligator snapping turtle (31 damage)
             ... in the Dungeon (Sprint VII: "The Pits").
             The game lasted 00:12:39 (4684 turns).

Groucho the Unseen (Felid Shapeshifter)             Turns: 4684, Time: 00:12:40

Health: -13/68     AC:  5    Str: 10    XL:     11   Next: 95%
Magic:  13/19      EV: 35    Int: 14    God:    Uskayaw [*.....]
Gold:   18         SH:  0    Dex: 20    Spells: 10/10 levels left
                                        Lives:  0   Deaths: 3

rFire   . .          .
                       - Unarmed
rCold   . . .        (shield unavailable)
rNeg    . . .        (body armour unavailable)
rPois   .            (helmet unavailable)
rElec   .            (cloak unavailable)
rCorr   .            (gloves unavailable)
SInv    +            (boots unavailable)
Will    +....        (no amulet)
Stlth   +++++++      a - +3 ring of protection
HPRegen 0.31/turn    i - +3 ring of evasion
MPRegen 0.16/turn

%: no teleportation
@: beast-form
A: beast (slay +4), very small, claws 1, fangs 3, see invisible, shaggy fur 2,
stealthy paws, no weapons or thrown items, no armour, multi-lived
a: Begin Untransformation, Renounce Religion, Stomp


You were in the Dungeon.
You worshipped Uskayaw.
Uskayaw was aware of your devotion.
You were a hulking beast.
You visited 1 branch You collected 18 gold pieces.

Inventory:

Jewellery
 a - a +3 ring of protection (left paw)
 f - a ring of protection from fire
 i - a +3 ring of evasion (right paw)
 r - a ring of protection from fire
Talismans
 b - a beast talisman
 c - a flux talisman
Wands
 m - a wand of light (11)
Scrolls
 k - 2 scrolls of vulnerability
 l - 5 scrolls of amnesia
 t - 3 scrolls of fear
 u - 2 scrolls of fog
 v - 2 scrolls of blinking
 w - a scroll of identify
Potions
 d - 6 potions of curing
 g - 4 potions of magic
 h - 5 potions of berserk rage
 j - a potion of invisibility
 n - 3 potions of resistance
 o - 2 potions of mutation
 p - a potion of might
 q - 3 potions of brilliance
 s - a potion of enlightenment


   Skills:
 + Level 13.2 Fighting
 + Level 17.0 Dodging
 + Level 18.2 Stealth
 + Level 13.5 Unarmed Combat
 + Level 10.2 Invocations
 + Level 3.0 Evocations
 + Level 11.4 Shapeshifting


You had 10 spell levels left.
You didn't know any spells.
Your spell library was empty.

Dungeon Overview and Level Annotations

Branches:
Dungeon (1/1)

Altars:
Ashenzari
Cheibriados
Dithmenos
Elyvilon
Fedhas
Gozag
Hepliaklqana
Kikubaaqudgha
Makhleb
Nemelex Xobeh
Okawaru
Qazlal
Ru
Sif Muna
Trog
Uskayaw
Vehumet
Wu Jian
Xom
Yredelemnul
Zin
The Shining One
Jiyva
Lugonu


Innate Abilities, Weirdness & Mutations

You are a hulking beast.
Your limbs bulge with bestial killing power. (Slay +4)
You have sharp claws.
You have razor-sharp teeth.
You have supernaturally acute eyesight. (SInv)
You are covered in thick fur. (AC +2)
Your paws help you pounce on unaware monsters.
You are incapable of wielding weapons or throwing items.
You cannot wear armour.
You gain extra lives every three experience levels.


Message History

Okay, then.
The alligator snapping turtle barely misses you.
The alligator snapping turtle misses you.
The alligator snapping turtle bites you!
You claw the alligator snapping turtle!
The alligator snapping turtle is moderately wounded.
Unknown command.
You scratch the alligator snapping turtle but do no damage.
You bite the alligator snapping turtle.
The alligator snapping turtle is moderately wounded.
The alligator snapping turtle misses you.
Unknown command.
You scratch the alligator snapping turtle but do no damage.
You bite the alligator snapping turtle!
The alligator snapping turtle is moderately wounded.
The alligator snapping turtle misses you.
You can now pass through a line of other dancers.
You scratch the alligator snapping turtle.
The alligator snapping turtle is moderately wounded.
Unknown command.
Unknown command.
You claw the alligator snapping turtle! You claw the alligator snapping turtle.
The alligator snapping turtle is heavily wounded.
The alligator snapping turtle bites you!
* * * LOW HITPOINT WARNING * * *
Unknown command.
Unknown command.
Aiming: Line Pass
Press: ? - help, Dir - move target The alligator snapping turtle appears confused.
You can no longer pass through a line of other dancers.
You scratch the alligator snapping turtle but do no damage.
The alligator snapping turtle is heavily wounded.
You catch the helpless alligator snapping turtle completely off-guard!
You eviscerate the alligator snapping turtle!!!
You claw the alligator snapping turtle, but do no damage.
The alligator snapping turtle is severely wounded.
The alligator snapping turtle seems less confused.
The alligator snapping turtle bites you!!
You die...

#########################
................h........
................t........
########++##############.


You could see an alligator snapping turtle.

Vanquished Creatures
  A death cob (D)
  A merfolk impaler (D)
  A hydra (D)
  Erica (D)
  Sonja (D)
  A deep troll (D)
  2 deep elf pyromancers (D)
  An orc knight (D)
  An elephant (D)
  A gargoyle (D)
  2 kobold demonologists (D)
  An unseen horror (D)
  An efreet (D)
  2 rime drakes (D)
  A red devil (D)
  An ice devil (D)
  2 merfolk (D)
  3 hornets (D)
  3 glass eyes (D)
  4 dream sheep (D)
  A tarantella (D)
  5 blink frogs (D)
  A jumping spider (D)
  A small abomination (D)
  A spriggan (D)
  A wraith (D)
  A basilisk (D)
  A warg (D)
  6 yaks (D)
  A redback (D)
  2 vampire mosquitoes (D)
  2 acid dragons (D)
  A water moccasin (D)
  An orc warrior (D)
  A black bear (D)
  An ice beast (D)
  An ogre (D)
  6 wolves (D)
  A centaur (D)
  2 kobold brigands (D)
  A necrophage (D)
  2 scorpions (D)
  A crimson imp (D)
  A quasit (D)
  Jessica (D)
  A hell rat (D)
  A gnoll (D)
  2 ufetubi (D)
  3 orcs (D)
  A bat skeleton (D)
  An endoplasm (D)
  6 jackals (D)
  4 kobolds (D)
  2 ball python skeletons (D)
  2 bats (D)
  2 frilled lizards (D)
  2 rats (D)
101 creatures vanquished.

Notes
Turn   | Place    | Note
-------+----------+-------------------------------------------
     0 | D        | Groucho the Felid Shapeshifter began the quest for the Orb.
     0 | D        | Reached XP level 1. HP: 10/10 MP: 2/2
    36 | D        | Found a bloodstained altar of Trog.
    36 | D        | Found a shimmering blue altar of Sif Muna.
    36 | D        | Found a viscous altar of Jiyva.
    36 | D        | Found a hazy altar of Hepliaklqana.
    36 | D        | Found an opulent altar of Gozag.
    37 | D        | Found a glowing golden altar of the Shining One.
    37 | D        | Found a glowing silver altar of Zin.
    37 | D        | Found a basalt altar of Yredelemnul.
    37 | D        | Found a shimmering altar of Xom.
    37 | D        | Found an ornate altar of the Wu Jian Council.
    37 | D        | Found a sacrificial altar of Ru.
    37 | D        | Found a stormy altar of Qazlal.
    37 | D        | Found an iron altar of Okawaru.
    37 | D        | Found a sparkling altar of Nemelex Xobeh.
    37 | D        | Found a burning altar of Makhleb.
    37 | D        | Found a blossoming altar of Fedhas.
    37 | D        | Found a white marble altar of Elyvilon.
    37 | D        | Found a shadowy altar of Dithmenos.
    37 | D        | Found a snail-covered altar of Cheibriados.
    39 | D        | Found a radiant altar of Vehumet.
    39 | D        | Found a corrupted altar of Lugonu.
    40 | D        | Found a hide-covered altar of Uskayaw.
    40 | D        | Found an ancient bone altar of Kikubaaqudgha.
    40 | D        | Found a broken altar of Ashenzari.
    48 | D        | Became a worshipper of Uskayaw the Reveller
    64 | D        | Reached * piety under Uskayaw
    65 | D        | Reached skill level 1 in Stealth
    97 | D        | Reached ** piety under Uskayaw
    98 | D        | Reached skill level 2 in Stealth
   110 | D        | Noticed a glass eye
   110 | D        | Noticed a scorpion
   111 | D        | Noticed a glass eye
   129 | D        | Reached *** piety under Uskayaw
   135 | D        | Killed a glass eye
   135 | D        | Reached **** piety under Uskayaw
   136 | D        | Reached skill level 5 in Fighting
   136 | D        | Reached skill level 7 in Stealth
   136 | D        | Reached skill level 5 in Unarmed Combat
   136 | D        | Reached skill level 5 in Shapeshifting
   136 | D        | Reached XP level 2. HP: 18/18 MP: 3/3
   136 | D        | Reached XP level 3. HP: 23/23 MP: 4/4
   136 | D        | Reached XP level 4. HP: 27/27 MP: 5/5
   136 | D        | Gained a life (2 lives remaining)
   136 | D        | Reached XP level 5. HP: 30/30 MP: 6/6
   401 | D        | Killed a glass eye
   402 | D        | Reached skill level 9 in Stealth
   402 | D        | Gained mutation: You are covered in thick fur. (AC +2)
                  | [Felid growth]
   402 | D        | Reached XP level 6. HP: 37/37 MP: 7/7
   663 | D        | Noticed an ice beast
   668 | D        | Noticed a warg
   683 | D        | Killed a warg
   684 | D        | Reached XP level 7. HP: 30/42 MP: 8/8
   689 | D        | Reached skill level 10 in Stealth
   690 | D        | Reached ***** piety under Uskayaw
   695 | D        | Reached skill level 10 in Dodging
   714 | D        | Noticed a gargoyle
   724 | D        | Killed a gargoyle
   725 | D        | Reached skill level 11 in Stealth
   725 | D        | Reached XP level 8. HP: 43/47 MP: 9/9
  1003 | D        | Reached skill level 1 in Invocations
  1008 | D        | Reached skill level 12 in Stealth
  1236 | D        | Noticed a tarantella
  1272 | D        | Killed a tarantella
  1636 | D        | Noticed a rime drake
  1673 | D        | Killed a rime drake
  1674 | D        | Reached XP level 9. HP: 30/53 MP: 12/12
  1867 | D        | Noticed an efreet
  1900 | D        | Reached skill level 13 in Stealth
  1983 | D        | Noticed a deep elf pyromancer
  1990 | D        | Killed a deep elf pyromancer
  1991 | D        | Reached skill level 10 in Unarmed Combat
  2305 | D        | Killed an efreet
  2306 | D        | Reached skill level 5 in Invocations
  2372 | D        | Reached skill level 10 in Fighting
  2376 | D        | Reached skill level 14 in Stealth
  2397 | D        | Noticed an elephant
  2407 | D        | Noticed Erica
  2416 | D        | Killed an elephant
  2417 | D        | Reached XP level 10. HP: 60/60 MP: 15/15
  2457 | D        | Killed Erica
  2733 | D        | Reached skill level 15 in Stealth
  3185 | D        | Noticed Sonja
  3203 | D        | Killed Sonja
  3223 | D        | Noticed a death cob
  3247 | D        | Demolished by a death cob
  3247 | D        | Lost a life (1 life remaining)
  3254 | D        | HP: 3/61 [death cob (21)]
  3259 | D        | Mangled by a death cob
  3259 | D        | Lost a life (0 lives remaining)
  3267 | D        | Killed a death cob
  3268 | D        | Reached skill level 15 in Dodging
  3268 | D        | Reached skill level 16 in Stealth
  3268 | D        | Reached skill level 10 in Shapeshifting
  3268 | D        | Reached XP level 11. HP: 49/66 MP: 16/18
  3268 | D        | Gained a life (1 life remaining)
  3293 | D        | Noticed an orc knight
  3296 | D        | Noticed Jessica
  3302 | D        | Noticed a five-headed hydra
  3302 | D        | Killed Jessica
  3309 | D        | Annihilated by an orc knight
  3309 | D        | Lost a life (0 lives remaining)
  3338 | D        | Killed an orc knight
  3374 | D        | Reached ****** piety under Uskayaw
  3484 | D        | Reached skill level 17 in Stealth
  3522 | D        | Noticed a deep elf pyromancer
  3527 | D        | Killed a five-headed hydra
  3530 | D        | Killed a deep elf pyromancer
  3900 | D        | Noticed a deep troll
  3921 | D        | Killed a deep troll
  4237 | D        | Reached skill level 1 in Evocations
  4260 | D        | Noticed a merfolk impaler
  4273 | D        | HP: 2/67 [merfolk/+0 trident[a merfolk impaler] (4)]
  4275 | D        | Killed a merfolk impaler
  4276 | D        | Reached skill level 10 in Invocations
  4277 | D        | Reached skill level 18 in Stealth
  4660 | D        | Noticed an alligator snapping turtle
  4684 | D        | Mangled by an alligator snapping turtle

Illustrated notes

Levels and vault maps discovered:
D:        pitsprint [storerooms_1, entrance_room_1, metal_vault_3, armoury_1,
          mini_pit_1, grid_room_1, main_hall_1, silver_pit, the_coven_3,
          the_vestibule_1, steel_vault_1, golden_pit, hallway_of_sentries,
          crystal_vault_5, iron_vault_4, final_vault]

Skill      XL: |  1  2  3  4  5  6  7  8  9 10 11 |
---------------+----------------------------------+-----
Dodging        | 7 8 9 11 12 13 15 17 | 17.0
Stealth        | 7 9 11 12 14 16 18 | 18.2
Shapeshifting  | 5 6 7 8 9 10 11 | 11.4
Fighting       | 5 6 7 8 9 10 11 13 | 13.2
Unarmed Combat | 5 7 8 9 10 12 13 | 13.5
Invocations    | 3 6 8 10 | 10.2
Evocations     | 3 |  3.0

Action                     |  1- 3 |  4- 6 |  7- 9 | 10-12 || total
---------------------------+-------+-------+-------+-------++-------
  Melee: Unarmed           |    46 |    21 |   100 |   188 ||   355
         Bite              |     2 |       |    16 |    22 ||    40
         Punch             |       |     2 |     6 |    19 ||    27
 Invoke: Line Pass         |       |     1 |     2 |    16 ||    19
    Use: Potion            |       |     1 |     7 |    12 ||    20
         Scroll            |       |     1 |       |     1 ||     2
   Stab: Paralysed         |     1 |     2 |     4 |    13 ||    20
         Invisible         |       |     2 |     1 |       ||     3
         Sleeping          |       |     1 |     2 |     2 ||     5
         Confused          |       |       |     2 |     9 ||    11
         Distracted        |       |       |     2 |     2 ||     4
 Armour: Skin              |     4 |     6 |    20 |    63 ||    93
  Dodge: Dodged            |    34 |    25 |    72 |   277 ||   408
